[Event "*** Titled Tuesday Blitz"]
[Site "Chess.com"]
[Date "2020.05.26"]
[Round "2"]
[White "Dmitry_M1"]
[Black "nadirsm"]
[Result "1-0"]
[WhiteElo "2406"]
[BlackElo "2132"]
[TimeControl "180+1"]
[EndTime "10:16:13 PDT"]
[Termination "Dmitry_M1 won by resignation"]

1. d4 d5 2. c4 c6 3. Nf3 e6 4.
Nc3 f5 5. g3 Nf6 6. Bg2 Bd6 7.
O-O O-O 8. b3 Nbd7 9. Qc2 Ne4 10. Nd2 Qf6 11. e3 Qh6 12. Bb2 Ndf6 13. Rae1 Ng4 14.
Nf3 Bd7 15. Ne2 Nxe3 16. fxe3 Qxe3+ 17. Kh1 Nf2+ 18. Rxf2 Qxf2 19. Bc1 1-0

[Event "*** Titled Tuesday Blitz"]
[Site "Chess.com"]
[Date "2020.05.26"]
[Round "2"]
[White "ManuDavid2910"]
[Black "Malysch"]
[Result "1-0"]
[WhiteElo "2699"]
[BlackElo "2464"]
[TimeControl "180+1"]
[EndTime "10:16:14 PDT"]
[Termination "ManuDavid2910 won on time"]

1. e4 c5 2. Nf3 d6 3. c3 Nf6 4.
Bc4 Nc6 5. d3 e6 6. Bb3 Be7 7.
O-O O-O 8. Re1 Bd7 9. d4 cxd4 10. cxd4 d5 11. exd5 Nxd5 12. Nc3 Nxc3 13. bxc3 Rc8 14. Qd3 Bf6 15. Bf4 g6 16. Rad1 Qa5 17. c4 Qf5 18. Qe3 Na5 19. Ne5 Bxe5 20. Bxe5 Nxc4 21. Bxc4 Rxc4 22. d5 exd5 23. Rxd5 Bc6 24. Rd4 Rxd4 25. Bxd4 Rd8 26. Ba1 b6 27. h3 Qc5 28. Qh6 f6 29. Bxf6 Rd7 30. Ba1 1-0

[Event "*** Titled Tuesday Blitz"]
[Site "Chess.com"]
[Date "2020.05.26"]
[Round "2"]
[White "Rinas_Oleg"]
[Black "MaxVavulin"]
[Result "0-1"]
[WhiteElo "2236"]
[BlackElo "2626"]
[TimeControl "180+1"]
[EndTime "10:16:14 PDT"]
[Termination "MaxVavulin won by resignation"]

1. e4 e5 2. Nf3 Nc6 3. Bb5 a6 4. Ba4 Nge7 5. O-O g6 6. d4 exd4 7. Nxd4 Bg7 8. Be3 O-O 9. Nc3 Ne5 10. Bb3 d6 11. f3 c5 12. Nde2 c4 13. Ba4 b5 14.
Bxb5 axb5 15. Nxb5 d5 16. Bc5 Bb7 17. Nd6 Bc6 18.
exd5 Nxd5 19. Nd4 Qc7 20. Nxc6 Qxc6 21. Ne4 Rfd8 22. Bf2 f5 23. Nc5 Nf4 24. Qe1 Nxf3+ 25. gxf3 Qxf3 0-1

[Event "*** Titled Tuesday Blitz"]
[Site "Chess.com"]
[Date "2020.05.26"]
[Round "2"]
[White "RATNAKARAN"]
[Black "Infernal_XaM"]
[Result "0-1"]
[WhiteElo "2531"]
[BlackElo "2826"]
[TimeControl "180+1"]
[EndTime "10:16:15 PDT"]
[Termination "Infernal_XaM won by resignation"]

1. e4 c5 2. Nf3 b6 3. d4 cxd4 4. Nxd4 Bb7 5. Bd3 a6 6. O-O Qc7 7. c4 e6 8. Kh1 Nf6 9. f3 d6 10. Nc3 Nbd7 11. Be3 Be7 12. Rc1 O-O 13. b4 Rac8 14.
a3 Ne5 15. Nce2 Qb8 16. Ng3 Nxd3 17. Qxd3 Rc7 18. f4 Rfc8 19. e5 dxe5 20. fxe5 Nd7 21. Bf4 Qa8 22. Rf2 Nf8 23. Kg1 Ng6 24. Nh5 Bd5 25.
Rfc2 Be4 26. Qe2 Bxc2 27. Rxc2 Rd7 28. Nf3 a5 29. Bd2 axb4 30. axb4 Rcd8 31. h3 Qa1+ 32.
Kh2 Qb1 33. Bc3 Rd1 34. Ne1 Bxb4 35. Rb2 Bxc3 36. Rxb1 Bxe5+ 37. Qxe5 Nxe5 38. Rxd1 Rxd1 0-1

[Event "*** Titled Tuesday Blitz"]
[Site "Chess.com"]
[Date "2020.05.26"]
[Round "2"]
[White "WIDBIFS"]
[Black "gumimis"]
[Result "1-0"]
[WhiteElo "2619"]
[BlackElo "2195"]
[TimeControl "180+1"]
[EndTime "10:16:15 PDT"]
[Termination "WIDBIFS won on time"]

1. d4 Nf6 2. Nf3 g6 3. Bf4 Bg7 4. e3 d6 5. h3 O-O 6. Be2 c5 7. c3 Nc6 8. Nbd2 b6 9. O-O Bb7 10. Bh2 Re8 11. Qb3 e5 12. dxe5 Nxe5 13. Nxe5 dxe5 14. Rfd1 Qe7 15. a4 Red8 16. a5 Qc7 17. axb6 axb6 18. Rxa8 Bxa8 19. Nc4 Rxd1+ 20. Qxd1 Nd5 21.
Bf3 Qb7 22. Bxe5 Bxe5 23. Nxe5 b5 24. b3 c4 25. bxc4 bxc4 26. Nxc4 1-0

[Event "*** Titled Tuesday Blitz"]
[Site "Chess.com"]
[Date "2020.05.26"]
[Round "2"]
[White "verdest"]
[Black "Chuchofrio1"]
[Result "1-0"]
[WhiteElo "2525"]
[BlackElo "2281"]
[TimeControl "180+1"]
[EndTime "10:16:15 PDT"]
[Termination "verdest won by resignation"]

1. d4 f5 2. Nf3 Nf6 3. g3 d6 4.
Bg2 g6 5. O-O Bg7 6. Nbd2 O-O 7.
Re1 Ne4 8. c3 Nc6 9. Qb3+ Kh8 10. Nxe4 fxe4 11. Ng5 d5 12. f3 exf3 13. exf3 e5 14. dxe5 Nxe5 15. f4 Nc4 16. Qd1 c6 17. b3 Nd6 18. Bb2 Bf5 19. Qd2 Qd7 20. c4 dxc4 21.
Bxg7+ Kxg7 22. Qc3+ Kh6 23. bxc4 Rae8 24. Red1 Qc7 25. Qd4 Nf7 26. Nf3 Rd8 27. Qf6 Nd6 28. Qg5+ Kg7 29. Ne5 Ne4 30. Bxe4 Bxe4 31. c5 Rxd1+ 32.
Rxd1 Rd8 33. Rxd8 h6 34. Qh4 g5 35. fxg5 Qxd8 36. gxh6+ 1-0

[Event "*** Titled Tuesday Blitz"]
[Site "Chess.com"]
[Date "2020.05.26"]
[Round "2"]
[White "powermove"]
[Black "Spring199"]
[Result "1-0"]
[WhiteElo "1754"]
[BlackElo "2305"]
[TimeControl "180+1"]
[EndTime "10:16:15 PDT"]
[Termination "powermove won on time"]

1. Nf3 d5 2. g3 Nf6 3. Bg2 e6 4. O-O Be7 5. d3 O-O 6. Nbd2 d4 7. e4 dxe3 8. fxe3 c5 9. e4 Nc6 10. Qe2 b6 11. c3 Bb7 12. Nc4 Rc8 13. a4 Ba6 14.
Bg5 h6 15. Bf4 Nh7 16. e5 Na5 17. Nfd2 Nxc4 18. Nxc4 Qd7 19. Be4 Rfd8 20. h4 1-0

[Event "*** Titled Tuesday Blitz"]
[Site "Chess.com"]
[Date "2020.05.26"]
[Round "2"]
[White "EvgenyRomanov"]
[Black "peixe64"]
[Result "1-0"]
[WhiteElo "2668"]
[BlackElo "2301"]
[TimeControl "180+1"]
[EndTime "10:16:16 PDT"]
[Termination "EvgenyRomanov won on time"]

1. d4 Nf6 2. Bg5 Ne4 3. Bf4 d5 4. e3 e6 5. Bd3 Nf6 6. Nf3 Bd6 7. O-O O-O 8. Nbd2 c5 9. dxc5 Bxc5 10. Qe2 Nc6 11. c3 Re8 12. e4 e5 13. Bg5 d4 14.
Nb3 Bb6 15. cxd4 exd4 16. h3 h6 17. Bh4 Bf5 18. Nfd2 g5 19. Bg3 Nb4 20. Rfe1 Bg6 21. a3 Nc6 22. e5 1-0

[Event "*** Titled Tuesday Blitz"]
[Site "Chess.com"]
[Date "2020.05.26"]
[Round "2"]
[White "aa175"]
[Black "penguingm1"]
[Result "0-1"]
[WhiteElo "2548"]
[BlackElo "2861"]
[TimeControl "180+1"]
[EndTime "10:16:18 PDT"]
[Termination "penguingm1 won by resignation"]

1. d4 d5 2. Bf4 Nf6 3. e3 e6 4. Nf3 Bd6 5. Nbd2 c5 6. c3 O-O 7. Bd3 b6 8. Qe2 Bxf4 9. exf4 a5 10. a4 Ba6 11. Bxa6 Nxa6 12. O-O Nc7 13. Ne5 Nce8 14. Nb3 Qc7 15. Qe3 Rc8 16. Rac1 Nd6 17. Rfd1 Nfe4 18. f3 Nf5 19. Qe2 Ned6 20. g4 Ne7 21. Kg2 Nc4 22. Nxc4 dxc4 23. Qxc4 Nd5 24. Re1 Nxf4+ 25. Kg1 Rfd8 26.
Rcd1 h5 27. dxc5 hxg4 28. Rd4 Rxd4 29. cxd4 gxf3 30. Re3 Nh3+ 31. Kf1 Qxh2 32. Rxf3 Qh1+ 33. Ke2 Ng1+ 0-1

[Event "*** Titled Tuesday Blitz"]
[Site "Chess.com"]
[Date "2020.05.26"]
[Round "2"]
[White "kuban1991"]
[Black "profofchess"]
[Result "1-0"]
[WhiteElo "2725"]
[BlackElo "2480"]
[TimeControl "180+1"]
[EndTime "10:16:18 PDT"]
[Termination "kuban1991 won by resignation"]

1. Nf3 Nc6 2. d4 d5 3. g3 Bg4 4. Bg2 Nf6 5. O-O e6 6. c3 Bd6 7. Na3 a6 8. Nc2 O-O 9. h3 Bh5 10. Nce1 e5 11. dxe5 Nxe5 12. Nd3 Nxf3+ 13. exf3 Re8 14.
Nf4 c6 15. Nxh5 Nxh5 16. f4 Nf6 17. Be3 Ne4 18. Re1 Qd7 19. Qd3 Re7 20. c4 Nc5 21. Qc2 dxc4 22. Qxc4 Qe6 23. Qc2 Nd7 24. Kh2 Rae8 25.
Bd2 Qf6 26. Bc3 Qg6 27. Rxe7 Rxe7 28. Qd2 Nc5 29. Rd1 Bc7 30. Qd8+ 1-0

[Event "*** Titled Tuesday Blitz"]
[Site "Chess.com"]
[Date "2020.05.26"]
[Round "2"]
[White "SGchess01"]
[Black "Baronessa08"]
[Result "1-0"]
[WhiteElo "2766"]
[BlackElo "2405"]
[TimeControl "180+1"]
[EndTime "10:16:18 PDT"]
[Termination "SGchess01 won by resignation"]

1. g3 c5 2. Bg2 Nc6 3. Nf3 g6 4. O-O Bg7 5. e4 d6 6. c3 e5 7. Na3 Nge7 8. Nc2 O-O 9. Re1 Re8 10. h3 Bd7 11. d4 exd4 12. cxd4 Rc8 13. d5 Ne5 14. Nxe5 Bxe5 15. Rb1 Qa5 16. a3 b5 17. Bd2 Qb6 18. Kh2 Bg7 19. Bc3 a5 20. Bxg7 Kxg7 21.
f4 b4 22. e5 Nf5 23. Qd2 b3 24. Ne3 Nxe3 25. Rxe3 c4 26. Rbe1 Bf5 27. e6 fxe6 28. dxe6 Qc5 29. g4 Bd3 30. Qc3+ Kg8 31. e7 Rc7 32.
Qf6 d5 33. Qe6+ Kg7 34. Qe5+ 1-0

[Event "*** Titled Tuesday Blitz"]
[Site "Chess.com"]
[Date "2020.05.26"]
[Round "2"]
[White "WPWPWP-2015"]
[Black "DucksParadise"]
[Result "1-0"]
[WhiteElo "2375"]
[BlackElo "2048"]
[TimeControl "180+1"]
[EndTime "10:16:19 PDT"]
[Termination "WPWPWP-2015 won by resignation"]

1. e4 c5 2. Nf3 Nc6 3. d4 cxd4 4. Nxd4 Nf6 5. Nc3 e5 6. Ndb5 d6 7. Bg5 a6 8. Na3 b5 9. Nd5 Be7 10. Bxf6 Bxf6 11. c3 O-O 12. Nc2 Rb8 13. h4 g6 14.
h5 Bg5 15. hxg6 hxg6 16. Nce3 Be6 17. Bd3 Ne7 18. Nb4 Bxe3 19. fxe3 Qb6 20. Qf3 Kg7 21. O-O-O a5 22. Nd5 Bxd5 23. exd5 f5 24. e4 fxe4 25.
Qxe4 Rf4 26. Qe2 b4 27. c4 Rbf8 28. Qd2 Rf2 29. Qh6+ Kf6 1-0

[Event "*** Titled Tuesday Blitz"]
[Site "Chess.com"]
[Date "2020.05.26"]
[Round "2"]
[White "kleinebeer98"]
[Black "NormWeinstein"]
[Result "1-0"]
[WhiteElo "2665"]
[BlackElo "2365"]
[TimeControl "180+1"]
[EndTime "10:16:20 PDT"]
[Termination "kleinebeer98 won by resignation"]

1. e4 c5 2. Nf3 d6 3. d4 Nf6 4.
Nc3 cxd4 5. Nxd4 Nc6 6. Nd5 e6 7. Nxf6+ gxf6 8. Be3 a6 9. Be2 Bd7 10. O-O Qc7 11. f4 Be7 12. Bh5 Nxd4 13. Bxd4 Bc6 14. Qg4 Bxe4 15. Qxe6 Bg6 16. Qh3 Rg8 17. Rae1 Kf8 18.
Bxg6 hxg6 19. Qh6+ Rg7 20. f5 Kg8 21. Rf3 Rh7 22. Qe3 Bf8 23. fxg6 fxg6 24. Rxf6 Bg7 25. Rxg6 Qxc2 26. Qe6+ Kh8 27. Qe8+ 1-0

[Event "*** Titled Tuesday Blitz"]
[Site "Chess.com"]
[Date "2020.05.26"]
[Round "2"]
[White "OparinGrigoriy"]
[Black "ValeriyGrinev"]
[Result "1-0"]
[WhiteElo "2903"]
[BlackElo "2569"]
[TimeControl "180+1"]
[EndTime "10:16:26 PDT"]
[Termination "OparinGrigoriy won by resignation"]

1. Nf3 c5 2. c4 Nc6 3. d4 cxd4 4. Nxd4 Nf6 5. Nc3 e6 6. e4 Bb4 7. Nxc6 dxc6 8. Qxd8+ Kxd8 9. e5 Ne4 10. a3 Bxc3+ 11. bxc3 Nxc3 12. a4 c5 13. Ra3 Nxa4 14. Rxa4 Bd7 15.
Ra3 Bc6 16. Be3 b6 17. f3 Kc7 18. Be2 Rhd8 19. Kf2 a5 20. Rha1 a4 21. Bd1 Ra6 22. Bc2 Rda8 23. h4 h5 24. Ke2 g6 25. Bg5 R6a7 26.
Kd2 Ra6 27. Kc3 R6a7 28. Rd1 Ra6 29. Rf1 Rh8 30. g4 Ra7 31. gxh5 Rxh5 32. Rfa1 Rh8 33. Bxa4 Rha8 34. Kb3 Bxf3 35. Rf1 b5 36. Rxf3 bxa4+ 37. Kc2 Kc6 38. Rad3 Rd7 39. Rxd7 Kxd7 40. Rxf7+ Kc6 41.
Re7 a3 42. Rxe6+ Kd7 43. Re7+ Kc6 44. Kb1 Ra4 45. Re6+ Kd7 46. Rd6+ Kc7 47. Rd3 Rxc4 48.
e6 Re4 49. e7 Re2 50. Rd8 1-0

[Event "*** Titled Tuesday Blitz"]
[Site "Chess.com"]
[Date "2020.05.26"]
[Round "2"]
[White "marszach123"]
[Black "Two_Towers_Krakow"]
[Result "0-1"]
[WhiteElo "2205"]
[BlackElo "2435"]
[TimeControl "180+1"]
[EndTime "10:16:26 PDT"]
[Termination "Two_Towers_Krakow won on time"]

1. e4 c5 2. Nf3 d6 3. d4 cxd4 4. Nxd4 Nf6 5. Nc3 a6 6. Bg5 e6 7. f4 h6 8. Bh4 Qb6 9. Bf2 Qxb2 10. Na4 Qa3 11. c3 Nxe4 12. Bd3 Nxf2 13. Kxf2 Bd7 14.
Nb6 Qxc3 15. Nxa8 Qxd4+ 16. Kg3 Be7 17. Rc1 Nc6 18. Re1 g5 19. Re4 gxf4+ 20. Rxf4 Rg8+ 21. Kf3 Ne5+ 0-1

[Event "*** Titled Tuesday Blitz"]
[Site "Chess.com"]
[Date "2020.05.26"]
[Round "2"]
[White "abhidabhi"]
[Black "RitvarsReimanis"]
[Result "1-0"]
[WhiteElo "2739"]
[BlackElo "2493"]
[TimeControl "180+1"]
[EndTime "10:16:28 PDT"]
[Termination "abhidabhi won on time"]

1. Nf3 Nf6 2. g3 e6 3. Bg2 d5 4. O-O Be7 5. d3 O-O 6. Nbd2 Nc6 7. e4 e5 8. exd5 Nxd5 9. a3 Be6 10. Re1 Bd6 11. Nc4 f6 12. d4 Bg4 13. dxe5 Bxe5 14.
h3 Bxf3 15. Qxf3 Nb6 16. Nxe5 fxe5 17. Qb3+ Kh8 18. c3 Qf6 19. Be3 Rab8 20. Qb5 Rf7 21. Rad1 h6 22. Qe2 Ne7 23. Bc5 Nc6 24. Be4 g5 25.
Rd3 Qe6 26. Bxb6 axb6 27. Bd5 Qf5 28. Rf3 1-0

[Event "*** Titled Tuesday Blitz"]
[Site "Chess.com"]
[Date "2020.05.26"]
[Round "2"]
[White "Crazy_girl99"]
[Black "politeplayer"]
[Result "1-0"]
[WhiteElo "2418"]
[BlackElo "2184"]
[TimeControl "180+1"]
[EndTime "10:16:30 PDT"]
[Termination "Crazy_girl99 won by resignation"]

1. Nf3 Nf6 2. g3 d5 3. Bg2 c5 4. d4 Nc6 5. c3 Bf5 6. O-O Bxb1 7. Rxb1 e6 8. h3 a5 9. Be3 c4 10. b3 Ne4 11. Qc2 cxb3 12. Rxb3 Bd6 13. Rxb7 Qc8 14.
Rb6 Qc7 15. Rbb1 O-O 16. Rfc1 Rfc8 17. Ne1 Nb4 18. cxb4 Qd7 19. Qd3 Rxc1 20. Rxc1 axb4 21. Bxe4 dxe4 22. Qxe4 Rxa2 23. Bf4 Bxf4 24. gxf4 f5 25. Qc6 Qxc6 26. Rxc6 Ra1 27. Kf1 b3 28. Rb6 Rb1 29. e3 Kf7 30. Ke2 Kg6 31. Nd3 Kf6 32. Kf3 h6 33.
Nc5 b2 34. Nd3 Rh1 35. Nxb2 Rxh3+ 36. Kg2 Rh4 37. d5 1-0

[Event "*** Titled Tuesday Blitz"]
[Site "Chess.com"]
[Date "2020.05.26"]
[Round "2"]
[White "MusicCityMaster"]
[Black "WiktoriaPOL"]
[Result "1-0"]
[WhiteElo "2355"]
[BlackElo "2000"]
[TimeControl "180+1"]
[EndTime "10:16:31 PDT"]
[Termination "MusicCityMaster won by checkmate"]

1. e4 c5 2. Nf3 d6 3. d4 cxd4 4. Nxd4 Nf6 5. Nc3 a6 6. Bc4 e6 7. Bb3 Nbd7 8. Qe2 Nc5 9. g4 Nxb3 10. axb3 Be7 11. g5 Nd7 12. Rg1 Nc5 13. Be3 Qc7 14.
h4 f6 15. h5 fxg5 16. Bxg5 Bxg5 17. Rxg5 Qe7 18. Qg4 O-O 19. O-O-O Rxf2 20. Rg1 Rf7 21. h6 g6 22. Rxg6+ hxg6 23. Qxg6+ Rg7 24. hxg7 e5 25. Qh6 exd4 26. Qh8+ Kf7 27. g8=Q# 1-0

[Event "*** Titled Tuesday Blitz"]
[Site "Chess.com"]
[Date "2020.05.26"]
[Round "2"]
[White "The_Machine04"]
[Black "kagg1125"]
[Result "1-0"]
[WhiteElo "2294"]
[BlackElo "2591"]
[TimeControl "180+1"]
[EndTime "10:16:33 PDT"]
[Termination "The_Machine04 won by resignation"]

1. d4 Nf6 2. Bg5 c5 3. Bxf6 exf6 4. dxc5 Bxc5 5. e3 O-O 6. Nf3 Nc6 7. Nbd2 d5 8. c3 Re8 9. Be2 Bb6 10. O-O Ne5 11.
Nb3 Bf5 12. Nbd4 Bg6 13. Qb3 Qd7 14. Rfd1 Red8 15. a4 Bc5 16. Rd2 h5 17. Nh4 Be4 18. Bxh5 Nc4 19. Rdd1 g6 20. Bf3 Kg7 21. Bxe4 Qg4 22.
Bxd5 Rxd5 23. Qxc4 Rh5 24. Nhf3 Rah8 25. b3 Kg8 26.
Ne2 1-0

[Event "*** Titled Tuesday Blitz"]
[Site "Chess.com"]
[Date "2020.05.26"]
[Round "2"]
[White "djano"]
[Black "AsselLesbekova"]
[Result "0-1"]
[WhiteElo "2443"]
[BlackElo "2268"]
[TimeControl "180+1"]
[EndTime "10:16:34 PDT"]
[Termination "AsselLesbekova won by resignation"]

1. d4 f5 2. Nc3 Nf6 3. Bg5 Ne4 4.
Nxe4 fxe4 5. c3 g6 6. h4 Bg7 7.
Qd2 h6 8. Bf4 d5 9. f3 Bf5 10.
g4 Bd7 11. fxe4 Bxg4 12. Bg2 c6 13. exd5 cxd5 14. Nf3 Nc6 15. O-O-O Bf5 16. Bh3 Be4 17. Rhg1 Qa5 18. a3 Qb5 19. Ne5 Na5 20. b4 Nb3+ 21.
Kb2 Nxd2 22. Bd7+ Qxd7 23. Nxd7 Kxd7 24. Rxd2 a5 25. e3 axb4 26. axb4 Ra4 27. Ra1 Rha8 28.
Rxa4 Rxa4 29. Rf2 Bf5 30. Rf1 b5 31. Rg1 Ra8 32. Rg3 e5 33. dxe5 Ke6 34. Rg1 Bxe5 35.
Bg5 hxg5 0-1

[Event "*** Titled Tuesday Blitz"]
[Site "Chess.com"]
[Date "2020.05.26"]
[Round "2"]
[White "Irochka83"]
[Black "andy_rekt"]
[Result "1-0"]
[WhiteElo "2409"]
[BlackElo "2147"]
[TimeControl "180+1"]
[EndTime "10:16:34 PDT"]
[Termination "Irochka83 won by resignation"]

1. d4 e6 2. c4 Nf6 3. Nc3 Bb4 4. Qc2 O-O 5. a3 Bxc3+ 6. Qxc3 d5 7. Nf3 dxc4 8.
Qxc4 b6 9. Bg5 Ba6 10. Qa4 h6 11. Bh4 Qd7 12. Qc2 Nd5 13. e4 Bxf1 14. Kxf1 Nf4 15. Bg3 Ng6 16. Rc1 c5 17. dxc5 Rc8 18. Ke2 Rxc5 19.
Qd3 Rxc1 20. Rxc1 Qxd3+ 21. Kxd3 Nd7 22. b4 Rd8 23. Ke3 Nf6 24. Rc7 a5 25. bxa5 bxa5 26.
Ra7 Ng4+ 27. Ke2 Rb8 28. Bxb8 1-0

[Event "*** Titled Tuesday Blitz"]
[Site "Chess.com"]
[Date "2020.05.26"]
[Round "2"]
[White "ErikRonka"]
[Black "FMalexhdez"]
[Result "1-0"]
[WhiteElo "2381"]
[BlackElo "2058"]
[TimeControl "180+1"]
[EndTime "10:16:34 PDT"]
[Termination "ErikRonka won by resignation"]

1. e4 c5 2. Nf3 d6 3. d4 cxd4 4.
Nxd4 Nf6 5. Nc3 a6 6. Be3 e5 7.
Nb3 Be6 8. f3 Nbd7 9. Qd2 Rc8 10. g4 Nb6 11. g5 Nfd7 12. O-O-O Nc4 13. Bxc4 Rxc4 14. h4 b5 15. h5 Qc7 16. Kb1 b4 17.
Nd5 Bxd5 18. exd5 g6 19. f4 a5 20. fxe5 Nxe5 21. Bf4 a4 22. Nd4 b3 23. cxb3 axb3 24. Nxb3 gxh5 25. Bxe5 dxe5 26. d6 Qd7 27. Rhe1 Bg7 28.
Qd5 Rc6 29. Rxe5+ 1-0

[Event "*** Titled Tuesday Blitz"]
[Site "Chess.com"]
[Date "2020.05.26"]
[Round "2"]
[White "sergoy"]
[Black "1g41-0"]
[Result "0-1"]
[WhiteElo "2838"]
[BlackElo "2562"]
[TimeControl "180+1"]
[EndTime "10:16:35 PDT"]
[Termination "1g41-0 won by resignation"]

1. d4 d5 2. c4 c6 3. Nf3 Nf6 4.
Nc3 e6 5. Bg5 Be7 6. cxd5 exd5 7. e3 O-O 8. Qc2 g6 9. Bd3 Nbd7 10. O-O Re8 11. Rab1 Nf8 12. b4 Bg4 13. Ne5 Be6 14. f4 N6d7 15. Bh6 Nxe5 16. fxe5 Bg5 17. Bxg5 Qxg5 18.
Rf4 Bd7 19. Qf2 Re7 20. Rf1 Be8 21. e4 Ne6 22. Rf6 Rd8 23. exd5 cxd5 24. Ne2 Qd2 25. Bb1 Rc8 26. h4 Rc4 27. h5 Nxd4 28. Nf4 Qxf2+ 29. Kxf2 Rxe5 30. Rd1 Nf5 31. Nxd5 Bc6 32. Bxf5 Bxd5 33. hxg6 Rf4+ 34. Kg3 Rfxf5 35. Rxd5 Rxd5 36.
gxf7+ Kf8 0-1

[Event "*** Titled Tuesday Blitz"]
[Site "Chess.com"]
[Date "2020.05.26"]
[Round "2"]
[White "relaxx87"]
[Black "Elbek_Jumanov"]
[Result "1-0"]
[WhiteElo "2672"]
[BlackElo "2386"]
[TimeControl "180+1"]
[EndTime "10:16:36 PDT"]
[Termination "relaxx87 won by resignation"]

1. e4 c5 2. Nf3 e6 3. d4 cxd4 4.
Nxd4 Nf6 5. Nc3 d6 6. g4 h6 7. h4 Nc6 8. g5 hxg5 9. Bxg5 Be7 10. Be2 a6 11. Qd2 Qc7 12. O-O-O Nxd4 13. Qxd4 b5 14.
f4 Bb7 15. Rhe1 Rc8 16. Kb1 Qc5 17. Qd3 b4 18. Na4 Qa5 19. Bxf6 gxf6 20. b3 Rxh4 21. Qg3 Bxe4 22. Bd3 f5 23. Qg8+ Kd7 24. Qxf7 Bxd3 25. Qxe6+ Kc7 26. Qxe7+ Kb8 27. Qxd6+ Ka8 28. Qxd3 Rh2 29.
Re5 1-0

[Event "*** Titled Tuesday Blitz"]
[Site "Chess.com"]
[Date "2020.05.26"]
[Round "2"]
[White "GregShahade"]
[Black "kasparicy"]
[Result "1-0"]
[WhiteElo "2624"]
[BlackElo "2306"]
[TimeControl "180+1"]
[EndTime "10:16:37 PDT"]
[Termination "GregShahade won on time"]

1. e4 c5 2. Nf3 d6 3. d4 cxd4 4. Nxd4 Nf6 5. Nc3 a6 6. Be3 e6 7. f3 b5 8. g4 h6 9. Qd2 b4 10. Na4 Nbd7 11. O-O-O Qa5 12. b3 Bb7 13. h4 d5 14. Bh3 dxe4 15. g5 Nd5 16. g6 O-O-O 17. gxf7 Kb8 18. Nxe6 Rc8 19. Nxf8 Rhxf8 20. Bxd7 Rc7 21. Be6 Nxe3 22. Qxe3 exf3 23. Rhe1 Qh5 24. Qe5 Qxh4 25. Rd7 1-0

[Event "*** Titled Tuesday Blitz"]
[Site "Chess.com"]
[Date "2020.05.26"]
[Round "2"]
[White "LiverpooL174"]
[Black "BIG_Pirate"]
[Result "1-0"]
[WhiteElo "2656"]
[BlackElo "2327"]
[TimeControl "180+1"]
[EndTime "10:16:38 PDT"]
[Termination "LiverpooL174 won on time"]

1. Nf3 d5 2. b3 c6 3. Bb2 Nf6 4. e3 Bf5 5. c4 e6 6. Be2 h6 7. O-O Nbd7 8. d4 Bd6 9. Nc3 O-O 10. Bd3 Bxd3 11. Qxd3 Qe7 12. e4 dxe4 13. Nxe4 Nxe4 14. Qxe4 Ba3 15. Bc3 Bb4 16. Bb2 Ba3 17. Bxa3 Qxa3 18.
Rfd1 Rfd8 19. Rd2 a5 20. Rad1 a4 21. Qc2 axb3 22. axb3 Nf6 23. Ne5 Ra5 24. h3 Qb4 25. Nd3 Qe7 26. b4 Ra3 27. Qb2 Rda8 28. Nc5 b6 29. Nd3 Qa7 30. Ne5 Qc7 31. Rc2 R8a4 32. d5 c5 33. d6 Qd8 34. bxc5 bxc5 35. d7 Nxd7 36. Rxd7 Ra1+ 37. Kh2 Qg5 38. g3 Qh5 39. Rd8+ Kh7 40. Ng4 Qf5 41. Rc1 R4a2 42. Qxa1 1-0

[Event "*** Titled Tuesday Blitz"]
[Site "Chess.com"]
[Date "2020.05.26"]
[Round "2"]
[White "Machidon"]
[Black "iwanyu"]
[Result "0-1"]
[WhiteElo "2506"]
[BlackElo "2779"]
[TimeControl "180+1"]
[EndTime "10:16:40 PDT"]
[Termination "iwanyu won by resignation"]

1. d4 Nf6 2. Nf3 e6 3. c4 d5 4. Nc3 Bb4 5. Bg5 h6 6. Bxf6 Qxf6 7. Qa4+ Nc6 8. e3 O-O 9. cxd5 exd5 10. Be2 Be6 11.
O-O a6 12. Rac1 Bd6 13. Qb3 Ne7 14. Na4 b6 15. Qc2 g5 16. a3 Ng6 17. Nc3 g4 18.
Ne1 h5 19. f4 Ne7 20. Nd3 Nf5 21. Qd2 c5 22. dxc5 bxc5 23. e4 Qd4+ 24. Kh1 dxe4 25. Nxe4 Qxe4 26. Nxc5 Bxc5 27. Rxc5 Rad8 28. Qc2 0-1

[Event "*** Titled Tuesday Blitz"]
[Site "Chess.com"]
[Date "2020.05.26"]
[Round "2"]
[White "leclash"]
[Black "RobertoJBM"]
[Result "0-1"]
[WhiteElo "2239"]
[BlackElo "2581"]
[TimeControl "180+1"]
[EndTime "10:16:40 PDT"]
[Termination "RobertoJBM won by resignation"]

1. d4 Nf6 2. c4 g6 3. Nc3 d5 4.
h4 h5 5. Bg5 dxc4 6. e4 Bg7 7.
Bxc4 Nc6 8. Nge2 O-O 9. Qd2 Kh7 10. O-O-O Ng4 11. Rhf1 f6 12. Bf4 e5 13. dxe5 Qxd2+ 14. Bxd2 Ncxe5 15. b3 Nxc4 16. bxc4 c6 17. Bf4 Be6 18.
c5 Rae8 19. Bd6 Rf7 20. Kc2 f5 21. exf5 Bxf5+ 22. Kb3 Nxf2 23. Nf4 Ng4 24. Rfe1 Ne3 25. Rd2 Bxc3 26. Rde2 0-1

[Event "*** Titled Tuesday Blitz"]
[Site "Chess.com"]
[Date "2020.05.26"]
[Round "2"]
[White "LittlePeasant"]
[Black "Denis_Palkovich"]
[Result "1-0"]
[WhiteElo "2776"]
[BlackElo "2311"]
[TimeControl "180+1"]
[EndTime "10:16:44 PDT"]
[Termination "LittlePeasant won by resignation"]

1. e4 d5 2. exd5 Nf6 3. Nc3 Nxd5 4. Bc4 Nb6 5. Bb3 c5 6. d3 c4 7. dxc4 Qxd1+ 8. Nxd1 Nc6 9. Nf3 e5 10. Be3 Be6 11.
Bxb6 axb6 12. Ne3 Be7 13. Nd5 Bd8 14. O-O-O O-O 15. Rhe1 f6 16. Kb1 Bg4 17. Nxb6 Bxb6 18. c5+ Kh8 19. cxb6 Bxf3 20. gxf3 Nd4 21. Bd5 Ra6 22.
c3 Nf5 23. Be4 Ne7 24. Rd7 Nc8 25. Bxb7 Rxb6 26. Bxc8 Rxc8 27. Red1 h5 28. Rd8+ Rxd8 29. Rxd8+ Kh7 30. a4 g5 31. a5 Ra6 32. b4 f5 33. c4 e4 34. fxe4 f4 35. c5 g4 36.
Rd7+ Kg6 37. Rd6+ Rxd6 38. cxd6 Kf6 39. a6 h4 40. d7 Ke7 41. a7 g3 42. d8=Q+ Kxd8 43. a8=Q+ 1-0

[Event "*** Titled Tuesday Blitz"]
[Site "Chess.com"]
[Date "2020.05.26"]
[Round "2"]
[White "swisspower96"]
[Black "smshk35"]
[Result "1-0"]
[WhiteElo "2589"]
[BlackElo "2292"]
[TimeControl "180+1"]
[EndTime "10:16:44 PDT"]
[Termination "swisspower96 won by resignation"]

1. d4 Nf6 2. c4 g6 3. Nc3 Bg7 4. e4 d6 5. h3 O-O 6. Be3 c5 7.
Nf3 Qa5 8. Bd3 cxd4 9. Nxd4 Nc6 10. O-O a6 11. Nb3 Qd8 12. Rc1 Be6 13. Nd5 Ne5 14.
Bb6 Qd7 15. Nd4 Rac8 16. Nxe6 fxe6 17. Nxf6+ Bxf6 18. b3 Nc6 19. Be2 Bb2 20. Rc2 Bg7 21. Rd2 Ra8 22. f4 e5 23. Bg4 Qe8 24. Be6+ Kh8 25. f5 Nd4 26. Bxd4 exd4 27. g4 g5 28.
Kh1 Be5 29. h4 gxh4 30. g5 Rg8 31. Qg4 Bf6 32. Bxg8 Qxg8 33. Rg2 h3 34. Rg3 Be5 35. Rxh3 1-0

[Event "*** Titled Tuesday Blitz"]
[Site "Chess.com"]
[Date "2020.05.26"]
[Round "2"]
[White "Chessalary"]
[Black "MasterKroket"]
[Result "0-1"]
[WhiteElo "2188"]
[BlackElo "2419"]
[TimeControl "180+1"]
[EndTime "10:16:44 PDT"]
[Termination "MasterKroket won by resignation"]

1. e4 c5 2. Nf3 e6 3. d4 cxd4 4. Nxd4 Nc6 5. Nc3 Qc7 6. Be3 a6 7. Be2 Nf6 8. O-O Bb4 9. Nxc6 bxc6 10. f3 d5 11. exd5 cxd5 12. Kh1 O-O 13. a3 Bd6 14. g3 Rb8 15. Rb1 Rd8 16. Bd3 Bb7 17. f4 d4+ 18. Kg1 dxe3 19. Rf3 Bxf3 20. Qxf3 Bc5 21. b4 Ba7 22.
Ne2 Rbc8 23. g4 Qc6 24. Qxc6 Rxc6 25. h3 Rxd3 26. cxd3 Rc2 27. Kf1 Nd5 28. Rd1 Rxe2 29.
Kxe2 Nc3+ 30. Ke1 Nxd1 31. Kxd1 Kf8 32. Ke2 Ke7 33. d4 Kd6 34. Kxe3 Kd5 35. Kd3 Bxd4 36. f5 e5 37. g5 e4+ 38. Kd2 Kc4 39. f6 e3+ 40. Ke2 g6 41. h4 Kb3 42. b5 axb5 43. h5 gxh5 44. Kf3 Kxa3 45. g6 hxg6 0-1